[ AOE2 MATCH · #473314836 ]
UnrankedKhmer vs Lithuanians
Player's team · LOSS
[ REPLAY ANALYSIS · EXTRACTED FROM THE RECORDED GAME ]
Feudal
17:02
Castle
21:09
Imperial
—
| APM avg | 3.7 |
| APM peak | 41 |
| eAPM avg | 1.8 |
| Villagers / military | 54 / 59 |
Focus
⚔️ 25.8% · 🌾 74.2%
Scout Cavalry ×46 · Archer ×7 · Battle Elephant ×5 · Skirmisher ×1
Feudal
18:40
Castle
30:08
Imperial
47:14
| APM avg | 33.4 |
| APM peak | 118 |
| eAPM avg | 21.3 |
| Villagers / military | 494 / 1158 |
Focus
⚔️ 42.2% · 🌾 57.8%
Spearman ×598 · Scout Cavalry ×364 · Skirmisher ×68 · Hand Cannoneer ×57 · Leitis ×43 · Battering Ram ×18
Feudal
—
Castle
—
Imperial
—
| APM avg | 5.0 |
| APM peak | 44 |
| eAPM avg | 2.7 |
| Villagers / military | 81 / 64 |
Focus
⚔️ 30.8% · 🌾 69.2%
Scout Cavalry ×29 · Spearman ×14 · Knight ×12 · War Wagon ×6 · Trade Cart ×4 · Battering Ram ×2
Feudal
15:29
Castle
22:07
Imperial
37:24
| APM avg | 31.3 |
| APM peak | 105 |
| eAPM avg | 19.3 |
| Villagers / military | 372 / 1199 |
Focus
⚔️ 58.5% · 🌾 41.5%
Militia ×361 · Knight ×247 · Scout Cavalry ×185 · Spearman ×152 · Skirmisher ×95 · Conquistador ×80
Feudal
18:03
Castle
25:35
Imperial
37:45
| APM avg | 18.5 |
| APM peak | 76 |
| eAPM avg | 10.2 |
| Villagers / military | 302 / 1695 |
Focus
⚔️ 44.0% · 🌾 56.0%
Spearman ×997 · Huskarl ×413 · Militia ×280 · Trade Cart ×5 · Trebuchet (Packed) ×3 · Monk ×2
Feudal
20:09
Castle
37:22
Imperial
52:37
| APM avg | 4.2 |
| APM peak | 49 |
| eAPM avg | 3.4 |
| Villagers / military | 93 / 215 |
Focus
⚔️ 43.9% · 🌾 56.1%
Shotel Warrior ×97 · Militia ×41 · Cavalry Archer ×24 · Camel Scout ×10 · Skirmisher ×9 · Archer ×7
Feudal
16:35
Castle
28:32
Imperial
71:28
| APM avg | 19.3 |
| APM peak | 146 |
| eAPM avg | 14.8 |
| Villagers / military | 203 / 1218 |
Focus
⚔️ 51.2% · 🌾 48.8%
Spearman ×656 · Scout Cavalry ×240 · Mameluke ×143 · Skirmisher ×74 · Militia ×72 · Bombard Cannon ×14
Feudal
15:25
Castle
19:20
Imperial
44:30
| APM avg | 27.4 |
| APM peak | 84 |
| eAPM avg | 17.5 |
| Villagers / military | 253 / 3633 |
Focus
⚔️ 62.6% · 🌾 37.4%
Scout Cavalry ×3058 · Knight ×390 · Cavalry Archer ×100 · Bombard Cannon ×36 · Battering Ram ×34 · Monk ×15
Match map
Initial resources + every placement click. Lines = walls · curves = elevation contours. ◆ gold · ⬟ stone · ● berries · ✦ relic · ◌ wall gap
Inputs per minute
— Esat - - Reptillias
Build order — Esat
First 150 of 157 actions detected
| 0:44 | Build | Town Center |
| 3:30 | Create | Villager (Male) |
| 3:30 | Create | Villager (Male) |
| 3:31 | Create | Villager (Male) |
| 3:31 | Create | Villager (Male) |
| 3:31 | Create | Villager (Male) |
| 3:32 | Create | Villager (Male) |
| 4:04 | Build | House |
| 4:21 | Build | House |
| 5:14 | Create | Villager (Male) |
| 5:14 | Create | Villager (Male) |
| 5:37 | Create | Villager (Male) |
| 5:37 | Create | Villager (Male) |
| 6:20 | Build | Mill |
| 6:33 | Create | Villager (Male) |
| 6:33 | Create | Villager (Male) |
| 7:25 | Create | Villager (Male) |
| 7:26 | Create | Villager (Male) |
| 7:26 | Create | Villager (Male) |
| 7:26 | Create | Villager (Male) |
| 7:39 | Build | House |
| 7:45 | Build | House |
| 8:13 | Create | Villager (Male) |
| 8:13 | Create | Villager (Male) |
| 8:13 | Create | Villager (Male) |
| 8:47 | Create | Villager (Male) |
| 8:48 | Create | Villager (Male) |
| 8:48 | Create | Villager (Male) |
| 10:10 | Create | Villager (Male) |
| 10:11 | Create | Villager (Male) |
| 10:11 | Create | Villager (Male) |
| 10:25 | Create | Villager (Male) |
| 10:26 | Create | Villager (Male) |
| 11:05 | Build | Mill |
| 11:22 | Create | Villager (Male) |
| 11:23 | Create | Villager (Male) |
| 11:23 | Create | Villager (Male) |
| 13:13 | Build | Farm |
| 13:14 | Build | Farm |
| 13:24 | Build | Farm |
| 13:26 | Build | Farm |
| 14:19 | Build | Farm |
| 14:44 | Build | Farm |
| 14:52 | Research | Feudal Age |
| 15:10 | Build | House |
| 15:11 | Build | House |
| 16:08 | Build | Outpost |
| 16:31 | Build | Mining Camp |
| 16:57 | Create | Villager (Male) |
| 16:58 | Create | Villager (Male) |
| 17:02 | Age | Feudal Age |
| 17:54 | Build | Archery Range |
| 18:29 | Research | Castle Age |
| 18:52 | Build | Mill |
| 19:06 | Build | Watch Tower |
| 19:23 | Build | Mining Camp |
| 20:51 | Build | Stable |
| 20:58 | Create | Archer |
| 20:59 | Create | Archer |
| 20:59 | Create | Archer |
| 21:09 | Age | Castle Age |
| 21:59 | Build | Town Center |
| 22:09 | Create | Villager (Male) |
| 22:09 | Create | Villager (Male) |
| 22:13 | Research | Crossbowman (upgrade) |
| 22:45 | Create | Scout Cavalry |
| 22:48 | Create | Scout Cavalry |
| 23:23 | Build | Mill |
| 23:37 | Create | Archer |
| 23:44 | Create | Villager (Male) |
| 23:45 | Create | Villager (Male) |
| 23:45 | Create | Villager (Male) |
| 23:48 | Create | Villager (Male) |
| 23:48 | Create | Villager (Male) |
| 23:50 | Build | Farm |
| 25:00 | Research | Bloodlines |
| 25:04 | Research | Light Cavalry (upgrade) |
| 25:06 | Create | Scout Cavalry |
| 25:26 | Build | Town Center |
| 25:31 | Create | Villager (Male) |
| 25:32 | Create | Villager (Male) |
| 25:32 | Create | Villager (Male) |
| 25:35 | Create | Villager (Male) |
| 25:35 | Create | Villager (Male) |
| 26:05 | Build | House |
| 26:06 | Build | House |
| 26:18 | Create | Scout Cavalry |
| 26:19 | Create | Scout Cavalry |
| 26:23 | Create | Archer |
| 26:23 | Create | Archer |
| 27:38 | Create | Archer |
| 27:42 | Create | Scout Cavalry |
| 27:42 | Create | Scout Cavalry |
| 28:49 | Create | Villager (Male) |
| 28:49 | Create | Villager (Male) |
| 28:49 | Create | Villager (Male) |
| 28:50 | Create | Villager (Male) |
| 30:28 | Build | Town Center |
| 30:43 | Create | Battle Elephant |
| 30:43 | Create | Battle Elephant |
| 31:25 | Build | Farm |
| 31:26 | Build | Farm |
| 31:51 | Create | Villager (Male) |
| 31:52 | Create | Villager (Male) |
| 32:25 | Build | Lumber Camp |
| 32:38 | Create | Villager (Male) |
| 32:39 | Create | Villager (Male) |
| 32:46 | Create | Villager (Male) |
| 32:46 | Create | Villager (Male) |
| 33:18 | Build | Farm |
| 33:22 | Build | Farm |
| 33:46 | Build | Mining Camp |
| 35:06 | Build | Town Center |
| 35:35 | Build | Lumber Camp |
| 37:46 | Build | Stable |
| 38:22 | Build | Mill |
| 39:28 | Build | Stable |
| 39:29 | Build | Stable |
| 39:29 | Build | Stable |
| 39:30 | Build | Stable |
| 39:54 | Create | Scout Cavalry |
| 39:54 | Create | Scout Cavalry |
| 40:45 | Build | Watch Tower |
| 43:41 | Build | Watch Tower |
| 44:52 | Create | Scout Cavalry |
| 45:49 | Build | Watch Tower |
| 46:06 | Build | Mining Camp |
| 49:34 | Build | Stable |
| 49:42 | Build | Stable |
| 49:43 | Build | Stable |
| 50:03 | Build | Blacksmith |
| 51:01 | Research | Scale Barding Armor |
| 51:04 | Research | Forging |
| 52:55 | Create | Battle Elephant |
| 52:55 | Create | Battle Elephant |
| 52:56 | Create | Battle Elephant |
| 53:08 | Build | House |
| 53:09 | Build | House |
| 53:11 | Build | House |
| 53:13 | Build | House |
| 53:14 | Build | House |
| 53:16 | Build | House |
| 53:21 | Create | Scout Cavalry ×5 |
| 53:21 | Create | Scout Cavalry ×5 |
| 53:21 | Create | Scout Cavalry ×5 |
| 53:30 | Build | House |
| 53:32 | Build | House |
| 53:34 | Build | House |
| 53:35 | Build | House |
| 53:40 | Create | Scout Cavalry ×5 |
Build order — Reptillias
First 150 of 2537 actions detected
| 0:50 | Build | Mining Camp |
| 1:23 | Build | Town Center |
| 3:23 | Create | Villager (Male) |
| 3:23 | Create | Villager (Male) |
| 3:34 | Build | House |
| 3:37 | Build | House |
| 3:43 | Research | Loom |
| 3:44 | Create | Villager (Male) |
| 3:44 | Create | Villager (Male) |
| 3:45 | Create | Villager (Male) |
| 3:45 | Create | Villager (Male) |
| 4:03 | Build | Palisade Gate |
| 4:54 | Create | Villager (Male) |
| 6:31 | Create | Villager (Male) |
| 6:31 | Create | Villager (Male) |
| 6:37 | Create | Villager (Male) |
| 7:49 | Create | Villager (Male) |
| 7:50 | Create | Villager (Male) |
| 8:23 | Build | House |
| 8:32 | Build | Palisade Gate |
| 8:34 | Create | Villager (Male) |
| 8:41 | Build | House |
| 8:47 | Build | Palisade Wall |
| 8:54 | Create | Villager (Male) |
| 8:54 | Create | Villager (Male) |
| 9:16 | Create | Villager (Male) |
| 9:16 | Create | Villager (Male) |
| 9:44 | Create | Villager (Male) |
| 10:09 | Build | Mill |
| 10:42 | Build | Lumber Camp |
| 11:16 | Create | Villager (Male) |
| 11:17 | Create | Villager (Male) |
| 11:49 | Create | Villager (Male) |
| 12:03 | Build | House |
| 12:04 | Build | House |
| 12:19 | Build | Mill |
| 12:22 | Create | Villager (Male) |
| 12:23 | Create | Villager (Male) |
| 12:34 | Build | Palisade Wall |
| 12:40 | Build | Building 800 |
| 13:12 | Create | Villager (Male) |
| 13:41 | Build | Mining Camp |
| 13:44 | Create | Villager (Male) |
| 14:10 | Create | Villager (Male) |
| 14:10 | Create | Villager (Male) |
| 14:17 | Build | Barracks |
| 14:22 | Build | House |
| 14:51 | Create | Villager (Male) |
| 14:55 | Build | House |
| 15:25 | Build | Palisade Wall |
| 15:31 | Build | Building 796 |
| 15:38 | Build | Outpost |
| 15:40 | Create | Villager (Male) |
| 15:40 | Create | Villager (Male) |
| 16:16 | Research | Feudal Age |
| 16:29 | Build | Outpost |
| 16:35 | Build | Lumber Camp |
| 16:41 | Build | Outpost |
| 17:45 | Build | Outpost |
| 18:11 | Build | House |
| 18:40 | Age | Feudal Age |
| 18:40 | Build | Outpost |
| 18:49 | Research | Town Watch |
| 18:51 | Research | Double-Bit Axe |
| 19:03 | Research | Gold Mining |
| 19:14 | Build | Outpost |
| 19:21 | Build | Outpost |
| 19:28 | Build | Outpost |
| 19:51 | Build | Outpost |
| 20:05 | Build | Outpost |
| 20:12 | Build | Market |
| 20:16 | Build | Palisade Gate |
| 20:24 | Build | Outpost |
| 20:49 | Build | Stone Wall |
| 20:52 | Build | Building 490 |
| 20:53 | Create | Villager (Male) |
| 21:00 | Build | Outpost |
| 21:07 | Build | Outpost |
| 21:10 | Create | Villager (Male) |
| 21:17 | Research | Stone Mining |
| 21:22 | Build | Outpost |
| 21:43 | Build | Outpost |
| 21:52 | Research | Horse Collar |
| 22:09 | Research | Wheelbarrow |
| 22:34 | Build | Stone Wall |
| 22:39 | Build | Building 487 |
| 22:45 | Create | Villager (Male) |
| 23:03 | Build | Outpost |
| 23:26 | Build | Outpost |
| 23:27 | Create | Villager (Male) |
| 23:34 | Build | Farm |
| 23:39 | Build | Farm |
| 23:42 | Build | Farm |
| 23:44 | Build | Farm |
| 23:46 | Build | Farm |
| 23:48 | Build | Farm |
| 23:52 | Build | Farm |
| 24:00 | Build | Farm |
| 24:02 | Build | Farm |
| 24:03 | Build | Farm |
| 24:04 | Create | Villager (Male) |
| 24:17 | Build | Outpost |
| 24:22 | Build | Mill |
| 24:33 | Build | Outpost |
| 24:34 | Create | Villager (Male) |
| 24:37 | Build | Farm |
| 24:42 | Build | Blacksmith |
| 24:47 | Build | Outpost |
| 24:49 | Build | Outpost |
| 24:52 | Build | Outpost |
| 24:58 | Create | Villager (Male) |
| 25:39 | Build | Stable |
| 25:46 | Build | Palisade Gate |
| 25:50 | Build | Archery Range |
| 25:57 | Build | Outpost |
| 26:13 | Create | Villager (Male) |
| 26:13 | Create | Villager (Male) |
| 26:17 | Build | Farm |
| 26:21 | Build | Mill |
| 26:29 | Build | Farm |
| 26:30 | Build | Farm |
| 26:31 | Build | Farm |
| 26:34 | Build | Farm |
| 26:35 | Create | Villager (Male) |
| 26:46 | Build | Outpost |
| 26:52 | Build | Outpost |
| 26:55 | Build | Outpost |
| 26:57 | Build | Outpost |
| 27:00 | Build | Outpost |
| 27:02 | Build | Outpost |
| 27:07 | Research | Castle Age |
| 27:26 | Build | Mining Camp |
| 27:33 | Build | Stone Wall |
| 27:40 | Build | Stone Wall |
| 27:44 | Build | Building 490 |
| 28:04 | Build | Outpost |
| 28:09 | Build | Stone Wall |
| 28:12 | Build | Building 490 |
| 28:26 | Build | Outpost |
| 28:39 | Research | Fletching |
| 28:49 | Build | Stone Wall |
| 28:52 | Build | Building 490 |
| 29:05 | Build | Stone Wall |
| 29:09 | Build | Building 673 |
| 29:24 | Build | Outpost |
| 29:26 | Build | Outpost |
| 29:30 | Build | Outpost |
| 29:43 | Build | Outpost |
| 30:03 | Build | Outpost |
| 30:08 | Age | Castle Age |
Build order — GeenMens5267
First 150 of 278 actions detected
| 1:12 | Build | Town Center |
| 4:28 | Build | House |
| 4:56 | Research | Loom |
| 4:57 | Create | Villager (Male) |
| 4:57 | Create | Villager (Male) |
| 4:57 | Create | Villager (Male) |
| 4:58 | Create | Villager (Male) |
| 4:58 | Create | Villager (Male) |
| 4:58 | Create | Villager (Male) |
| 5:45 | Build | Palisade Wall |
| 5:54 | Build | Building 796 |
| 7:10 | Build | House |
| 7:39 | Create | Villager (Male) |
| 7:39 | Create | Villager (Male) |
| 9:38 | Build | Palisade Gate |
| 9:46 | Create | Villager (Male) |
| 9:46 | Create | Villager (Male) |
| 9:47 | Create | Villager (Male) |
| 9:47 | Create | Villager (Male) |
| 9:47 | Create | Villager (Male) |
| 9:48 | Create | Villager (Male) |
| 11:07 | Create | Villager (Male) |
| 11:07 | Create | Villager (Male) |
| 11:08 | Create | Villager (Male) |
| 11:08 | Create | Villager (Male) |
| 11:08 | Create | Villager (Male) |
| 14:42 | Build | Barracks |
| 14:50 | Build | House |
| 16:32 | Build | Lumber Camp |
| 17:21 | Research | Feudal Age |
| 17:39 | Build | Mill |
| 18:27 | Build | Palisade Wall |
| 18:36 | Build | Palisade Gate |
| 18:44 | Build | Palisade Wall |
| 19:37 | Research | Wheelbarrow |
| 19:43 | Research | Double-Bit Axe |
| 19:46 | Research | Horse Collar |
| 20:10 | Build | Mining Camp |
| 21:26 | Build | Market |
| 21:49 | Research | Gold Mining |
| 22:07 | Build | Farm |
| 22:08 | Build | Farm |
| 22:12 | Build | Farm |
| 22:18 | Build | Farm |
| 22:20 | Build | Farm |
| 22:24 | Build | Farm |
| 23:06 | Build | Blacksmith |
| 23:11 | Create | Trade Cart |
| 23:42 | Create | Villager (Male) |
| 23:42 | Create | Villager (Male) |
| 23:43 | Create | Villager (Male) |
| 23:43 | Create | Villager (Male) |
| 23:43 | Create | Villager (Male) |
| 23:44 | Create | Villager (Male) |
| 24:01 | Build | Stable |
| 25:06 | Build | House |
| 25:12 | Build | House |
| 25:18 | Build | House |
| 27:35 | Build | Farm |
| 27:36 | Build | Farm |
| 27:40 | Build | Farm |
| 27:44 | Build | Farm |
| 27:49 | Build | Farm |
| 28:25 | Create | Villager (Male) |
| 28:25 | Create | Villager (Male) |
| 28:26 | Create | Villager (Male) |
| 28:26 | Create | Villager (Male) |
| 28:27 | Create | Villager (Male) |
| 28:27 | Create | Villager (Male) |
| 28:27 | Create | Villager (Male) |
| 28:28 | Create | Villager (Male) |
| 28:28 | Create | Villager (Male) |
| 28:28 | Create | Villager (Male) |
| 28:29 | Create | Villager (Male) |
| 28:29 | Create | Villager (Male) |
| 28:29 | Create | Villager (Male) |
| 29:04 | Build | Farm |
| 29:07 | Build | Farm |
| 29:59 | Create | Scout Cavalry |
| 31:23 | Research | Castle Age |
| 32:45 | Build | Lumber Camp |
| 33:04 | Research | Scale Mail Armor |
| 33:04 | Research | Scale Barding Armor |
| 33:05 | Research | Scale Barding Armor |
| 33:12 | Create | Scout Cavalry |
| 33:12 | Create | Scout Cavalry |
| 33:12 | Create | Scout Cavalry |
| 34:08 | Research | Hand Cart |
| 34:42 | Research | Bow Saw |
| 35:45 | Research | Heavy Plow |
| 35:50 | Research | Stone Mining |
| 36:04 | Build | Farm |
| 36:38 | Research | Light Cavalry (upgrade) |
| 37:25 | Research | Gold Shaft Mining |
| 37:26 | Research | Stone Shaft Mining |
| 38:27 | Create | Scout Cavalry |
| 39:05 | Build | Mining Camp |
| 40:14 | Create | Scout Cavalry |
| 40:14 | Create | Scout Cavalry |
| 41:20 | Build | Lumber Camp |
| 42:16 | Build | Castle |
| 43:01 | Research | Chain Barding Armor |
| 43:11 | Research | Chain Mail Armor |
| 43:35 | Build | Siege Workshop |
| 44:10 | Create | Battering Ram |
| 44:11 | Create | Battering Ram |
| 44:22 | Build | Mining Camp |
| 49:55 | Build | Castle |
| 50:20 | Build | Lumber Camp |
| 53:06 | Create | Scout Cavalry |
| 53:59 | Create | Scout Cavalry |
| 53:59 | Create | Scout Cavalry |
| 53:59 | Create | Scout Cavalry |
| 54:00 | Create | Scout Cavalry |
| 55:08 | Build | Watch Tower |
| 55:43 | Build | Mining Camp |
| 56:35 | Research | Caravan |
| 56:40 | Research | Coinage |
| 56:42 | Create | Trade Cart |
| 56:42 | Create | Trade Cart |
| 56:42 | Create | Trade Cart |
| 60:44 | Build | Castle |
| 61:59 | Build | Town Center |
| 62:25 | Build | Mining Camp |
| 62:38 | Build | Mining Camp |
| 62:46 | Create | War Wagon |
| 62:47 | Create | War Wagon |
| 63:21 | Create | Villager (Male) |
| 63:22 | Create | Villager (Male) |
| 63:22 | Create | Villager (Male) |
| 63:22 | Create | Villager (Male) |
| 63:23 | Create | Villager (Male) |
| 63:23 | Create | Villager (Male) |
| 64:52 | Build | Town Center |
| 66:32 | Create | War Wagon |
| 66:32 | Create | War Wagon |
| 66:33 | Create | War Wagon |
| 66:33 | Create | War Wagon |
| 67:06 | Build | Stone Wall |
| 67:14 | Build | Building 490 |
| 67:25 | Build | Stone Wall |
| 67:51 | Build | Stone Wall |
| 68:04 | Build | Building 490 |
| 68:17 | Build | Stone Wall |
| 69:11 | Build | Castle |
| 75:17 | Build | Outpost |
| 77:59 | Build | Market |
| 79:06 | Build | Town Center |
| 83:13 | Build | Market |
| 84:53 | Build | Stable |
Build order — Alienslapper
First 150 of 1933 actions detected
| 1:17 | Build | Town Center |
| 2:23 | Build | House |
| 2:25 | Build | House |
| 3:26 | Create | Villager (Male) |
| 3:26 | Create | Villager (Male) |
| 3:27 | Create | Villager (Male) |
| 3:27 | Create | Villager (Male) |
| 3:32 | Research | Loom |
| 5:32 | Create | Villager (Male) |
| 5:32 | Create | Villager (Male) |
| 5:33 | Create | Villager (Male) |
| 6:15 | Create | Villager (Male) |
| 6:15 | Create | Villager (Male) |
| 6:59 | Build | Lumber Camp |
| 7:01 | Create | Villager (Male) |
| 7:01 | Create | Villager (Male) |
| 7:02 | Create | Villager (Male) |
| 7:24 | Create | Villager (Male) |
| 7:40 | Create | Villager (Male) |
| 8:27 | Create | Villager (Male) |
| 8:28 | Create | Villager (Male) |
| 8:28 | Create | Villager (Male) |
| 8:28 | Create | Villager (Male) |
| 8:28 | Create | Villager (Male) |
| 8:34 | Build | House |
| 10:24 | Create | Villager (Male) |
| 10:24 | Create | Villager (Male) |
| 10:25 | Create | Villager (Male) |
| 10:25 | Create | Villager (Male) |
| 10:25 | Create | Villager (Male) |
| 10:25 | Create | Villager (Male) |
| 10:32 | Build | House |
| 10:45 | Build | House |
| 10:57 | Build | Mill |
| 11:17 | Build | Mining Camp |
| 11:32 | Create | Villager (Male) |
| 12:54 | Create | Villager (Male) |
| 13:15 | Research | Feudal Age |
| 13:59 | Build | Mill |
| 14:36 | Build | Mining Camp |
| 15:22 | Create | Villager (Male) |
| 15:23 | Create | Villager (Male) |
| 15:29 | Age | Feudal Age |
| 15:44 | Research | Double-Bit Axe |
| 16:02 | Build | Market |
| 16:21 | Create | Villager (Male) |
| 16:24 | Create | Villager (Male) |
| 16:44 | Build | Blacksmith |
| 16:47 | Build | House |
| 16:58 | Build | House |
| 17:00 | Build | House |
| 17:06 | Create | Villager (Male) |
| 17:17 | Build | Farm |
| 17:45 | Build | Farm |
| 17:51 | Create | Villager (Male) |
| 17:52 | Create | Villager (Male) |
| 18:07 | Build | Farm |
| 18:13 | Research | Horse Collar |
| 18:29 | Build | Farm |
| 18:30 | Create | Villager (Male) |
| 18:42 | Build | Building 665 |
| 18:44 | Build | Stone Wall |
| 18:52 | Build | Farm |
| 18:58 | Build | Farm |
| 19:02 | Build | Farm |
| 19:13 | Build | Farm |
| 19:27 | Research | Castle Age |
| 20:01 | Build | Stone Wall |
| 20:07 | Build | Building 490 |
| 20:16 | Build | Farm |
| 20:17 | Build | Farm |
| 20:18 | Build | Farm |
| 20:36 | Build | Building 487 |
| 20:40 | Research | Stone Mining |
| 21:12 | Build | Farm |
| 22:07 | Age | Castle Age |
| 22:41 | Build | Town Center |
| 23:05 | Build | Town Center |
| 23:10 | Create | Villager (Male) |
| 23:10 | Create | Villager (Male) |
| 23:10 | Create | Villager (Male) |
| 23:13 | Research | Wheelbarrow |
| 23:15 | Research | Heavy Plow |
| 23:29 | Research | Gold Mining |
| 23:43 | Create | Villager (Male) |
| 23:54 | Research | Bow Saw |
| 23:54 | Research | Bow Saw |
| 24:04 | Create | Villager (Male) |
| 24:05 | Create | Villager (Male) |
| 24:05 | Create | Villager (Male) |
| 24:06 | Create | Villager (Male) |
| 24:06 | Create | Villager (Male) |
| 24:11 | Create | Villager (Male) |
| 24:49 | Build | Farm |
| 24:51 | Create | Villager (Male) |
| 24:52 | Create | Villager (Male) |
| 25:06 | Build | Castle |
| 25:12 | Build | Farm |
| 25:13 | Create | Villager (Male) |
| 25:14 | Create | Villager (Male) |
| 25:29 | Build | Farm |
| 25:31 | Create | Villager (Male) |
| 25:33 | Create | Villager (Male) |
| 26:01 | Create | Villager (Male) |
| 26:01 | Create | Villager (Male) |
| 26:01 | Create | Villager (Male) |
| 26:03 | Build | Barracks |
| 26:09 | Build | Farm |
| 26:18 | Build | Farm |
| 26:21 | Build | Farm |
| 26:32 | Build | Mining Camp |
| 26:43 | Build | Stone Wall |
| 27:04 | Build | Building 487 |
| 27:16 | Create | Villager (Male) |
| 27:26 | Build | Stable |
| 27:33 | Create | Villager (Male) |
| 28:00 | Create | Conquistador |
| 28:00 | Create | Conquistador |
| 28:00 | Create | Conquistador |
| 28:03 | Create | Conquistador |
| 28:03 | Create | Conquistador |
| 28:20 | Research | Husbandry |
| 28:21 | Research | Bloodlines |
| 28:28 | Build | Farm |
| 28:34 | Create | Villager (Male) |
| 28:34 | Create | Villager (Male) |
| 28:34 | Create | Villager (Male) |
| 28:35 | Create | Villager (Male) |
| 28:35 | Create | Villager (Male) |
| 28:35 | Create | Villager (Male) |
| 28:39 | Create | Villager (Male) |
| 28:39 | Create | Villager (Male) |
| 29:24 | Build | Farm |
| 29:27 | Create | Villager (Male) |
| 29:27 | Create | Villager (Male) |
| 29:33 | Build | Farm |
| 29:35 | Build | Farm |
| 29:36 | Build | Farm |
| 29:39 | Create | Villager (Male) |
| 29:40 | Create | Villager (Male) |
| 30:11 | Research | Scale Barding Armor |
| 30:22 | Build | House |
| 30:22 | Build | House |
| 30:40 | Build | House |
| 30:41 | Build | House |
| 30:44 | Build | Farm |
| 30:46 | Build | Farm |
| 30:51 | Research | Hand Cart |
| 30:51 | Research | Town Watch |
| 30:54 | Create | Villager (Male) |
Build order — diego_vth
First 150 of 1019 actions detected
| 2:47 | Build | Town Center |
| 4:05 | Build | House |
| 4:28 | Create | Villager (Male) ×4 |
| 4:28 | Create | Villager (Male) ×4 |
| 4:28 | Create | Villager (Male) ×4 |
| 4:28 | Create | Villager (Male) ×4 |
| 4:41 | Build | House |
| 6:18 | Create | Villager (Male) |
| 6:18 | Create | Villager (Male) |
| 6:18 | Create | Villager (Male) |
| 6:59 | Create | Villager (Male) ×2 |
| 6:59 | Create | Villager (Male) ×2 |
| 7:00 | Create | Villager (Male) ×2 |
| 7:00 | Create | Villager (Male) ×2 |
| 9:07 | Create | Villager (Male) ×5 |
| 9:08 | Create | Villager (Male) ×5 |
| 9:08 | Create | Villager (Male) ×5 |
| 9:23 | Research | Loom |
| 10:27 | Create | Villager (Male) ×3 |
| 10:27 | Create | Villager (Male) ×3 |
| 10:28 | Create | Villager (Male) ×3 |
| 10:47 | Build | House |
| 10:51 | Create | Villager (Male) |
| 10:52 | Create | Villager (Male) |
| 10:52 | Create | Villager (Male) |
| 11:35 | Create | Villager (Male) ×2 |
| 11:35 | Create | Villager (Male) ×2 |
| 11:35 | Create | Villager (Male) ×2 |
| 11:35 | Create | Villager (Male) ×2 |
| 12:36 | Build | House |
| 12:42 | Build | Mill |
| 12:47 | Create | Villager (Male) ×5 |
| 13:59 | Build | House |
| 14:41 | Build | Lumber Camp |
| 15:31 | Research | Feudal Age |
| 16:16 | Build | Barracks |
| 16:35 | Build | House |
| 16:36 | Build | House |
| 17:48 | Build | Mill |
| 17:59 | Create | Villager (Male) |
| 18:00 | Create | Villager (Male) |
| 18:03 | Age | Feudal Age |
| 18:47 | Build | Mining Camp |
| 18:59 | Research | Wheelbarrow |
| 19:38 | Research | Double-Bit Axe |
| 19:49 | Research | Gold Mining |
| 19:57 | Build | Farm |
| 19:58 | Build | Farm |
| 19:58 | Build | Farm |
| 19:59 | Build | Farm |
| 19:59 | Build | Farm |
| 20:00 | Build | Farm |
| 20:04 | Research | Horse Collar |
| 20:07 | Create | Villager (Male) |
| 20:08 | Create | Villager (Male) |
| 20:36 | Build | Market |
| 20:42 | Build | Blacksmith |
| 20:52 | Create | Villager (Male) |
| 20:52 | Create | Villager (Male) |
| 21:00 | Build | Farm |
| 21:01 | Build | Farm |
| 21:02 | Build | Farm |
| 21:03 | Build | Farm |
| 21:03 | Build | Farm |
| 21:03 | Build | Farm |
| 21:04 | Build | Farm |
| 21:04 | Build | Farm |
| 21:04 | Build | Farm |
| 21:05 | Build | Farm |
| 21:40 | Create | Villager (Male) |
| 22:30 | Create | Villager (Male) |
| 22:54 | Research | Castle Age |
| 23:31 | Build | House |
| 23:55 | Build | House |
| 24:22 | Build | Palisade Gate |
| 24:27 | Build | House |
| 24:40 | Build | Farm |
| 24:40 | Build | Farm |
| 24:41 | Build | Farm |
| 24:42 | Build | Farm |
| 24:43 | Build | Farm |
| 24:43 | Build | Farm |
| 24:52 | Build | Palisade Gate |
| 25:01 | Build | Farm |
| 25:14 | Build | Farm |
| 25:35 | Age | Castle Age |
| 25:44 | Build | Monastery |
| 25:52 | Build | Town Center |
| 26:06 | Build | Town Center |
| 26:33 | Build | Town Center |
| 26:39 | Create | Villager (Male) |
| 26:39 | Create | Villager (Male) |
| 26:39 | Create | Villager (Male) |
| 26:48 | Research | Heavy Plow |
| 27:20 | Research | Bow Saw |
| 27:32 | Create | Monk |
| 28:09 | Research | Town Watch |
| 28:14 | Create | Villager (Male) ×5 |
| 28:24 | Research | Stone Mining |
| 28:29 | Create | Villager (Male) ×5 |
| 28:35 | Create | Villager (Male) ×5 |
| 29:17 | Research | Fervor |
| 29:29 | Research | Hand Cart |
| 30:11 | Research | Town Patrol |
| 31:05 | Research | Fletching |
| 31:11 | Create | Villager (Male) |
| 31:11 | Create | Villager (Male) |
| 31:12 | Create | Villager (Male) |
| 31:16 | Create | Villager (Male) |
| 31:16 | Create | Villager (Male) |
| 31:16 | Create | Villager (Male) |
| 31:21 | Create | Villager (Male) |
| 31:21 | Create | Villager (Male) |
| 31:26 | Build | Farm |
| 31:26 | Build | Farm |
| 31:26 | Build | Farm |
| 31:27 | Build | Farm |
| 31:27 | Build | Farm |
| 31:27 | Build | Farm |
| 31:28 | Build | Farm |
| 31:28 | Build | Farm |
| 31:28 | Build | Farm |
| 31:29 | Build | Farm |
| 31:29 | Build | Farm |
| 31:29 | Build | Farm |
| 31:30 | Build | Farm |
| 31:44 | Create | Villager (Male) ×5 |
| 31:44 | Create | Villager (Male) ×5 |
| 32:22 | Build | Castle |
| 32:26 | Create | Villager (Male) |
| 32:26 | Create | Villager (Male) |
| 32:33 | Build | Farm |
| 32:33 | Build | Farm |
| 32:34 | Build | Farm |
| 32:34 | Build | Farm |
| 32:34 | Build | Farm |
| 32:35 | Build | Farm |
| 32:35 | Build | Farm |
| 32:35 | Build | Farm |
| 32:37 | Build | Farm |
| 32:37 | Build | Farm |
| 32:37 | Build | Farm |
| 32:38 | Build | Farm |
| 32:38 | Build | Farm |
| 32:38 | Build | Farm |
| 32:39 | Build | Farm |
| 32:39 | Build | Farm |
| 32:39 | Build | Farm |
| 32:40 | Build | Farm |
| 32:45 | Create | Villager (Male) ×5 |
Build order — bojandomic
First 150 of 494 actions detected
| 1:54 | Build | Town Center |
| 2:49 | Build | House |
| 4:37 | Build | Mill |
| 4:42 | Research | Loom |
| 4:44 | Create | Villager (Male) |
| 4:44 | Create | Villager (Male) |
| 4:45 | Create | Villager (Male) |
| 4:45 | Create | Villager (Male) |
| 4:45 | Create | Villager (Male) |
| 6:22 | Build | Lumber Camp |
| 7:16 | Create | Villager (Male) |
| 7:17 | Create | Villager (Male) |
| 7:55 | Build | House |
| 8:32 | Create | Villager (Male) |
| 8:43 | Build | House |
| 9:23 | Create | Villager (Male) |
| 10:06 | Create | Villager (Male) |
| 10:25 | Create | Villager (Male) |
| 10:44 | Build | Farm |
| 11:16 | Create | Villager (Male) |
| 11:24 | Create | Villager (Male) |
| 12:49 | Build | Mining Camp |
| 13:09 | Build | Farm |
| 13:27 | Create | Villager (Male) |
| 13:27 | Create | Villager (Male) |
| 13:28 | Create | Villager (Male) |
| 13:29 | Create | Villager (Male) |
| 14:07 | Create | Villager (Male) |
| 14:15 | Create | Villager (Male) |
| 15:13 | Build | Farm |
| 15:23 | Build | Farm |
| 15:34 | Build | House |
| 15:46 | Build | Farm |
| 15:52 | Create | Villager (Male) |
| 15:54 | Create | Villager (Male) |
| 16:36 | Build | House |
| 16:49 | Build | Mining Camp |
| 17:45 | Build | Farm |
| 17:54 | Build | Farm |
| 17:59 | Research | Feudal Age |
| 19:36 | Build | Barracks |
| 20:09 | Age | Feudal Age |
| 20:20 | Research | Wheelbarrow |
| 20:30 | Research | Horse Collar |
| 20:47 | Research | Town Watch |
| 21:03 | Research | Double-Bit Axe |
| 21:22 | Research | Gold Mining |
| 21:28 | Create | Villager (Male) |
| 21:29 | Create | Villager (Male) |
| 21:29 | Create | Villager (Male) |
| 21:42 | Research | Man-at-Arms (upgrade) |
| 22:22 | Research | Arson |
| 22:35 | Build | Farm |
| 22:41 | Create | Villager (Male) |
| 23:02 | Create | Villager (Male) |
| 23:16 | Research | Stone Mining |
| 23:29 | Build | Farm |
| 23:42 | Create | Militia |
| 24:23 | Build | Blacksmith |
| 24:27 | Create | Villager (Male) |
| 24:28 | Create | Villager (Male) |
| 24:28 | Create | Villager (Male) |
| 25:06 | Build | House |
| 25:28 | Build | Archery Range |
| 25:45 | Create | Villager (Male) |
| 25:46 | Create | Villager (Male) |
| 25:49 | Research | Forging |
| 26:00 | Build | Watch Tower |
| 26:09 | Build | House |
| 26:15 | Create | Villager (Male) |
| 26:53 | Build | Farm |
| 27:04 | Build | House |
| 27:09 | Build | House |
| 27:24 | Build | Market |
| 27:46 | Build | Farm |
| 27:53 | Create | Villager (Male) |
| 27:53 | Create | Villager (Male) |
| 27:54 | Create | Villager (Male) |
| 27:54 | Create | Villager (Male) |
| 28:28 | Build | Lumber Camp |
| 28:46 | Build | Watch Tower |
| 29:04 | Build | Farm |
| 29:24 | Build | Stable |
| 29:51 | Build | Farm |
| 29:56 | Create | Villager (Male) |
| 29:56 | Create | Villager (Male) |
| 29:57 | Create | Villager (Male) |
| 30:01 | Research | Padded Archer Armor |
| 30:02 | Research | Fletching |
| 30:04 | Research | Scale Mail Armor |
| 30:05 | Research | Scale Barding Armor |
| 30:22 | Build | Farm |
| 30:33 | Build | House |
| 31:27 | Create | Villager (Male) |
| 31:28 | Create | Villager (Male) |
| 31:35 | Build | Farm |
| 31:46 | Create | Scout Cavalry |
| 32:05 | Build | Farm |
| 32:19 | Build | Farm |
| 33:00 | Build | House |
| 33:17 | Create | Villager (Male) |
| 33:18 | Create | Villager (Male) |
| 33:52 | Build | Farm |
| 34:07 | Build | Mining Camp |
| 34:42 | Research | Castle Age |
| 36:00 | Create | Militia |
| 36:01 | Create | Spearman |
| 36:04 | Create | Skirmisher |
| 36:05 | Create | Archer |
| 37:22 | Age | Castle Age |
| 37:35 | Build | Town Center |
| 37:43 | Research | Bow Saw |
| 37:51 | Research | Heavy Plow |
| 38:03 | Research | Gold Shaft Mining |
| 38:04 | Research | Stone Shaft Mining |
| 38:11 | Research | Squires |
| 38:13 | Research | Long Swordsman (upgrade) |
| 38:17 | Research | Thumb Ring |
| 38:17 | Research | Crossbowman (upgrade) |
| 38:19 | Research | Elite Skirmisher (upgrade) |
| 38:25 | Create | Camel Scout |
| 38:26 | Create | Camel Scout |
| 38:54 | Create | Villager (Male) |
| 38:54 | Create | Villager (Male) |
| 39:18 | Build | Mining Camp |
| 39:33 | Build | Castle |
| 39:40 | Create | Villager (Male) |
| 39:42 | Create | Villager (Male) |
| 39:52 | Create | Cavalry Archer |
| 39:53 | Create | Skirmisher |
| 39:54 | Create | Archer |
| 39:57 | Research | Husbandry |
| 40:10 | Build | Farm |
| 40:19 | Build | Farm |
| 40:31 | Create | Villager (Male) |
| 40:32 | Create | Villager (Male) |
| 40:32 | Create | Villager (Male) |
| 40:56 | Build | Farm |
| 41:05 | Research | Hand Cart |
| 41:42 | Create | Villager (Male) |
| 42:15 | Build | House |
| 42:20 | Build | House |
| 42:33 | Build | Mining Camp |
| 42:53 | Build | University |
| 42:59 | Research | Town Patrol |
| 43:04 | Research | Iron Casting |
| 43:06 | Research | Chain Mail Armor |
| 43:26 | Build | Watch Tower |
| 43:41 | Research | Chain Barding Armor |
| 43:54 | Create | Villager (Male) |
Build order — TAKEOVER
First 150 of 1754 actions detected
| 0:13 | Build | Town Center |
| 1:23 | Build | House |
| 2:27 | Research | Loom |
| 2:28 | Create | Villager (Male) |
| 2:29 | Create | Villager (Male) |
| 2:29 | Create | Villager (Male) |
| 2:30 | Create | Villager (Male) |
| 2:30 | Create | Villager (Male) |
| 4:03 | Create | Villager (Male) |
| 4:03 | Create | Villager (Male) |
| 4:40 | Create | Villager (Male) |
| 4:41 | Create | Villager (Male) |
| 5:03 | Create | Villager (Male) |
| 5:04 | Create | Villager (Male) |
| 5:20 | Build | House |
| 5:40 | Create | Villager (Male) |
| 5:52 | Build | House |
| 5:56 | Create | Villager (Male) |
| 5:56 | Create | Villager (Male) |
| 6:20 | Build | House |
| 6:23 | Create | Villager (Male) |
| 6:24 | Create | Villager (Male) |
| 6:40 | Create | Villager (Male) |
| 6:40 | Create | Villager (Male) |
| 7:17 | Create | Villager (Male) |
| 7:17 | Create | Villager (Male) |
| 7:17 | Create | Villager (Male) |
| 8:23 | Create | Villager (Male) |
| 8:23 | Create | Villager (Male) |
| 8:30 | Build | Lumber Camp |
| 8:36 | Create | Villager (Male) |
| 8:37 | Create | Villager (Male) |
| 10:16 | Create | Villager (Male) |
| 10:16 | Create | Villager (Male) |
| 10:27 | Create | Villager (Male) |
| 10:47 | Create | Villager (Male) |
| 11:17 | Build | House |
| 11:24 | Create | Villager (Male) |
| 11:46 | Create | Villager (Male) |
| 13:24 | Build | Mill |
| 13:35 | Create | Villager (Male) |
| 13:36 | Create | Villager (Male) |
| 13:58 | Build | Farm |
| 14:00 | Build | Farm |
| 14:02 | Build | Farm |
| 14:03 | Build | Farm |
| 14:06 | Build | Farm |
| 14:24 | Research | Feudal Age |
| 16:35 | Age | Feudal Age |
| 16:38 | Research | Wheelbarrow |
| 16:40 | Research | Double-Bit Axe |
| 16:42 | Research | Horse Collar |
| 17:23 | Build | Palisade Wall |
| 17:36 | Research | Town Watch |
| 17:54 | Build | Stone Wall |
| 18:02 | Build | Building 490 |
| 18:16 | Build | Palisade Gate |
| 18:24 | Create | Villager (Male) |
| 18:25 | Create | Villager (Male) |
| 18:26 | Create | Villager (Male) |
| 18:48 | Build | House |
| 18:50 | Build | House |
| 19:00 | Build | House |
| 19:22 | Create | Villager (Male) |
| 20:00 | Create | Villager (Male) |
| 20:01 | Create | Villager (Male) |
| 20:14 | Build | Outpost |
| 20:43 | Build | Palisade Wall |
| 20:49 | Build | Palisade Gate |
| 20:56 | Build | House |
| 20:57 | Build | House |
| 20:59 | Build | House |
| 21:09 | Build | Barracks |
| 21:22 | Build | Blacksmith |
| 21:29 | Build | House |
| 21:30 | Build | House |
| 21:37 | Build | Farm |
| 21:38 | Build | Farm |
| 21:40 | Build | Farm |
| 21:41 | Build | Farm |
| 21:43 | Build | Farm |
| 21:44 | Build | Farm |
| 21:46 | Build | Farm |
| 21:48 | Create | Villager (Male) |
| 21:49 | Create | Villager (Male) |
| 22:28 | Build | Stable |
| 22:38 | Build | Palisade Wall |
| 22:44 | Build | House |
| 22:45 | Build | House |
| 22:46 | Build | House |
| 23:01 | Build | Mining Camp |
| 23:02 | Create | Villager (Male) |
| 23:03 | Create | Villager (Male) |
| 23:03 | Create | Villager (Male) |
| 23:05 | Create | Villager (Male) |
| 23:29 | Build | Palisade Wall |
| 23:37 | Build | Palisade Gate |
| 23:55 | Build | Stone Wall |
| 24:18 | Build | Market |
| 24:26 | Create | Villager (Male) |
| 24:27 | Create | Villager (Male) |
| 24:30 | Research | Gold Mining |
| 24:45 | Create | Scout Cavalry |
| 24:59 | Build | Stone Wall |
| 25:13 | Create | Scout Cavalry |
| 25:30 | Build | House |
| 25:31 | Build | House |
| 25:33 | Build | House |
| 25:34 | Build | House |
| 25:46 | Build | Outpost |
| 25:52 | Research | Castle Age |
| 26:29 | Build | Stone Wall |
| 26:41 | Build | House |
| 26:43 | Build | House |
| 27:51 | Build | Archery Range |
| 28:21 | Build | Mining Camp |
| 28:32 | Age | Castle Age |
| 28:46 | Research | Bow Saw |
| 28:49 | Research | Heavy Plow |
| 29:13 | Build | Town Center |
| 29:22 | Build | Town Center |
| 29:29 | Build | Town Center |
| 29:37 | Research | Crossbowman (upgrade) |
| 29:40 | Research | Stone Mining |
| 29:47 | Research | Gold Shaft Mining |
| 30:06 | Create | Villager (Male) |
| 30:07 | Create | Villager (Male) |
| 30:11 | Create | Villager (Male) |
| 30:11 | Create | Villager (Male) |
| 30:16 | Create | Villager (Male) |
| 30:16 | Create | Villager (Male) |
| 30:40 | Research | Hand Cart |
| 30:56 | Create | Villager (Male) |
| 31:04 | Create | Villager (Male) |
| 31:06 | Create | Villager (Male) |
| 31:07 | Create | Villager (Male) |
| 31:21 | Create | Villager (Male) |
| 31:21 | Create | Villager (Male) |
| 31:28 | Create | Villager (Male) |
| 31:47 | Research | Elite Skirmisher (upgrade) |
| 32:02 | Research | Padded Archer Armor |
| 32:15 | Build | Siege Workshop |
| 32:20 | Create | Skirmisher |
| 32:20 | Create | Skirmisher |
| 32:22 | Create | Skirmisher |
| 32:23 | Create | Skirmisher |
| 32:23 | Create | Skirmisher |
| 32:24 | Create | Skirmisher |
| 32:24 | Create | Skirmisher |
| 32:25 | Create | Skirmisher |
Build order — Flankmetra
First 150 of 1706 actions detected
| 0:30 | Build | Town Center |
| 2:17 | Build | House |
| 2:32 | Create | Villager (Male) |
| 2:32 | Create | Villager (Male) |
| 2:32 | Create | Villager (Male) |
| 2:57 | Create | Villager (Male) |
| 3:10 | Build | House |
| 3:44 | Create | Villager (Male) |
| 4:34 | Create | Villager (Male) |
| 4:57 | Build | House |
| 5:00 | Create | Villager (Male) |
| 5:14 | Create | Villager (Male) |
| 6:09 | Create | Villager (Male) |
| 6:22 | Create | Villager (Male) |
| 6:37 | Build | Palisade Wall |
| 6:39 | Build | Palisade Wall |
| 6:44 | Build | Palisade Wall |
| 6:45 | Build | Palisade Wall |
| 6:52 | Create | Villager (Male) |
| 7:05 | Build | Palisade Wall |
| 7:18 | Build | Palisade Wall |
| 7:24 | Build | Palisade Wall |
| 7:30 | Create | Villager (Male) |
| 7:31 | Create | Villager (Male) |
| 7:48 | Build | House |
| 8:20 | Create | Villager (Male) |
| 8:44 | Create | Villager (Male) |
| 8:55 | Build | Mill |
| 9:38 | Research | Loom |
| 9:57 | Build | Mill |
| 10:20 | Create | Villager (Male) |
| 10:20 | Create | Villager (Male) |
| 10:20 | Create | Villager (Male) |
| 10:46 | Create | Villager (Male) |
| 11:11 | Build | Palisade Wall |
| 11:13 | Build | Palisade Wall |
| 11:15 | Build | Palisade Wall |
| 11:19 | Build | Palisade Wall |
| 11:21 | Create | Villager (Male) |
| 11:53 | Create | Villager (Male) |
| 12:27 | Build | Mining Camp |
| 12:28 | Create | Villager (Male) |
| 12:51 | Build | Lumber Camp |
| 13:10 | Research | Feudal Age |
| 13:31 | Build | Lumber Camp |
| 14:52 | Create | Villager (Male) |
| 15:00 | Build | Farm |
| 15:01 | Build | Farm |
| 15:07 | Build | Farm |
| 15:25 | Age | Feudal Age |
| 15:29 | Create | Villager (Male) |
| 15:32 | Build | Market |
| 15:36 | Build | Blacksmith |
| 16:04 | Build | Stone Wall |
| 16:07 | Build | Stone Wall |
| 16:16 | Build | Stone Wall |
| 16:19 | Build | Stone Wall |
| 16:26 | Create | Villager (Male) |
| 16:26 | Create | Villager (Male) |
| 16:40 | Research | Castle Age |
| 16:49 | Build | Stone Wall |
| 17:23 | Research | Double-Bit Axe |
| 17:31 | Build | Stone Wall |
| 17:44 | Build | Palisade Wall |
| 17:52 | Build | Palisade Wall |
| 17:59 | Build | Palisade Wall |
| 18:09 | Build | House |
| 18:10 | Build | House |
| 18:21 | Build | Palisade Wall |
| 18:54 | Research | Horse Collar |
| 19:19 | Build | Farm |
| 19:20 | Age | Castle Age |
| 19:22 | Build | Farm |
| 19:24 | Build | Town Center |
| 19:28 | Build | Farm |
| 19:31 | Build | Farm |
| 19:38 | Create | Villager (Male) |
| 19:38 | Create | Villager (Male) |
| 19:43 | Build | House |
| 20:18 | Build | Mill |
| 20:23 | Build | Mill |
| 20:26 | Create | Villager (Male) |
| 20:26 | Create | Villager (Male) |
| 20:41 | Research | Bow Saw |
| 20:45 | Build | Farm |
| 20:46 | Build | Farm |
| 20:47 | Build | Farm |
| 20:52 | Create | Villager (Male) |
| 21:12 | Create | Villager (Male) |
| 21:13 | Create | Villager (Male) |
| 21:17 | Build | Farm |
| 21:20 | Build | Farm |
| 21:25 | Build | Farm |
| 21:31 | Build | Farm |
| 21:33 | Create | Villager (Male) |
| 21:42 | Build | Farm |
| 21:44 | Create | Villager (Male) |
| 21:49 | Create | Villager (Male) |
| 21:49 | Create | Villager (Male) |
| 22:00 | Build | Farm |
| 22:01 | Build | Mill |
| 22:08 | Build | Farm |
| 22:09 | Build | Farm |
| 22:10 | Build | Farm |
| 22:12 | Create | Villager (Male) |
| 22:13 | Create | Villager (Male) |
| 22:42 | Research | Heavy Plow |
| 22:47 | Create | Villager (Male) |
| 22:52 | Build | Farm |
| 22:55 | Build | Farm |
| 23:03 | Build | Farm |
| 23:20 | Build | Town Center |
| 23:22 | Create | Villager (Male) |
| 23:24 | Create | Villager (Male) |
| 23:40 | Research | Stone Mining |
| 23:45 | Create | Villager (Male) |
| 23:46 | Create | Villager (Male) |
| 23:51 | Build | House |
| 23:52 | Build | House |
| 24:10 | Create | Villager (Male) |
| 24:13 | Research | Wheelbarrow |
| 24:36 | Create | Villager (Male) |
| 24:37 | Create | Villager (Male) |
| 24:54 | Build | Mining Camp |
| 24:55 | Create | Villager (Male) |
| 25:19 | Create | Villager (Male) |
| 25:20 | Create | Villager (Male) |
| 25:21 | Create | Villager (Male) |
| 25:29 | Build | Stone Wall |
| 25:30 | Build | Building 490 |
| 25:40 | Build | Stone Wall |
| 25:42 | Build | Building 490 |
| 25:48 | Create | Villager (Male) |
| 25:50 | Create | Villager (Male) |
| 25:57 | Research | Hand Cart |
| 25:59 | Create | Villager (Male) |
| 26:09 | Create | Villager (Male) |
| 26:11 | Create | Villager (Male) |
| 26:28 | Build | Outpost |
| 26:31 | Research | Town Watch |
| 26:38 | Create | Villager (Male) |
| 26:39 | Create | Villager (Male) |
| 26:46 | Build | House |
| 26:47 | Build | House |
| 26:48 | Build | House |
| 26:53 | Build | Outpost |
| 28:04 | Create | Villager (Male) |
| 28:04 | Create | Villager (Male) |
| 28:04 | Create | Villager (Male) |
| 28:04 | Create | Villager (Male) |
Match timeline
| 5:45 | GeenMens5267 · wall_segment Palisade Wall x1 |
| 6:37 | Flankmetra · wall_segment Palisade Wall x1 |
| 6:39 | Flankmetra · wall_segment Palisade Wall x1 |
| 6:44 | Flankmetra · wall_segment Palisade Wall x1 |
| 6:45 | Flankmetra · wall_segment Palisade Wall x1 |
| 7:05 | Flankmetra · wall_segment Palisade Wall x1 |
| 7:18 | Flankmetra · wall_segment Palisade Wall x1 |
| 7:24 | Flankmetra · wall_segment Palisade Wall x1 |
| 8:47 | Reptillias · wall_segment Palisade Wall x1 |
| 11:11 | Flankmetra · wall_segment Palisade Wall x5 |
| 11:13 | Flankmetra · wall_segment Palisade Wall x1 |
| 11:15 | Flankmetra · wall_segment Palisade Wall x4 |
| 11:19 | Flankmetra · wall_segment Palisade Wall x5 |
| 12:34 | Reptillias · wall_segment Palisade Wall x3 |
| 14:17 | Reptillias · first_building Barracks |
| 14:42 | GeenMens5267 · first_building Barracks |
| 15:25 | Flankmetra · age_up feudal |
| 15:25 | Reptillias · wall_segment Palisade Wall x15 |
| 15:29 | Alienslapper · age_up feudal |
| 16:04 | Flankmetra · wall_segment Stone Wall x1 |
| 16:07 | Flankmetra · wall_segment Stone Wall x1 |
| 16:16 | Flankmetra · wall_segment Stone Wall x1 |
| 16:16 | diego_vth · first_building Barracks |
| 16:19 | Flankmetra · wall_segment Stone Wall x1 |
| 16:34 | Flankmetra · first_market_sell 500 wood |
| 16:35 | TAKEOVER · age_up feudal |
| 16:37 | Flankmetra · first_market_buy 100 food |
| 16:49 | Flankmetra · wall_segment Stone Wall x1 |
| 17:02 | Esat · age_up feudal |
| 17:23 | TAKEOVER · wall_segment Palisade Wall x27 |
| 17:31 | Flankmetra · wall_segment Stone Wall x1 |
| 17:44 | Flankmetra · wall_segment Palisade Wall x1 |
| 17:52 | Flankmetra · wall_segment Palisade Wall x1 |
| 17:54 | Esat · first_building Archery Range |
| 17:54 | TAKEOVER · wall_segment Stone Wall x22 |
| 17:59 | Flankmetra · wall_segment Palisade Wall x1 |
| 18:03 | diego_vth · age_up feudal |
| 18:21 | Flankmetra · wall_segment Palisade Wall x1 |
| 18:27 | GeenMens5267 · wall_segment Palisade Wall x1 |
| 18:40 | Reptillias · age_up feudal |
| 18:44 | Alienslapper · wall_segment Stone Wall x4 |
| 18:44 | GeenMens5267 · wall_segment Palisade Wall x1 |
| 19:20 | Flankmetra · age_up castle |
| 19:36 | bojandomic · first_building Barracks |
| 20:01 | Alienslapper · wall_segment Stone Wall x14 |
| 20:09 | bojandomic · age_up feudal |
| 20:43 | TAKEOVER · wall_segment Palisade Wall x12 |
| 20:49 | Reptillias · wall_segment Stone Wall x4 |
| 20:51 | Esat · first_building Stable |
| 21:09 | Esat · age_up castle |
| 21:09 | TAKEOVER · first_building Barracks |
| 22:07 | Alienslapper · age_up castle |
| 22:28 | TAKEOVER · first_building Stable |
| 22:34 | Reptillias · wall_segment Stone Wall x17 |
| 22:38 | TAKEOVER · wall_segment Palisade Wall x1 |
| 23:29 | TAKEOVER · wall_segment Palisade Wall x14 |
| 23:55 | TAKEOVER · wall_segment Stone Wall x10 |
| 24:01 | GeenMens5267 · first_building Stable |
| 24:59 | TAKEOVER · wall_segment Stone Wall x3 |
| 25:06 | Alienslapper · first_building Castle |
| 25:28 | bojandomic · first_building Archery Range |
| 25:29 | Flankmetra · wall_segment Stone Wall x4 |
| 25:35 | diego_vth · age_up castle |
| 25:39 | Reptillias · first_building Stable |
| 25:40 | Flankmetra · wall_segment Stone Wall x11 |
| 25:44 | diego_vth · first_building Monastery |
| 25:50 | Reptillias · first_building Archery Range |
| 26:03 | Alienslapper · first_building Barracks |
| 26:21 | diego_vth · first_market_buy 100 wood |
| 26:29 | TAKEOVER · wall_segment Stone Wall x12 |
| 26:43 | Alienslapper · wall_segment Stone Wall x8 |
| 27:26 | Alienslapper · first_building Stable |
| 27:33 | Reptillias · wall_segment Stone Wall x13 |
| 27:40 | Reptillias · wall_segment Stone Wall x5 |
| 27:51 | TAKEOVER · first_building Archery Range |
| 28:09 | Reptillias · wall_segment Stone Wall x5 |
| 28:23 | Flankmetra · first_building Castle |
| 28:32 | TAKEOVER · age_up castle |
| 28:48 | Flankmetra · wall_segment Stone Wall x7 |
| 28:49 | Reptillias · wall_segment Stone Wall x4 |
| 28:59 | TAKEOVER · first_market_buy 100 stone |
| 29:05 | Reptillias · wall_segment Stone Wall x15 |
| 29:24 | bojandomic · first_building Stable |
| 30:08 | Reptillias · age_up castle |
| 30:09 | bojandomic · first_market_sell 100 food |
| 30:54 | Flankmetra · wall_segment Stone Wall x14 |
| 30:55 | Flankmetra · wall_segment Stone Wall x5 |
| 31:13 | Reptillias · wall_segment Stone Wall x10 |
| 31:20 | Flankmetra · first_building Monastery |
| 31:31 | Reptillias · wall_segment Stone Wall x11 |
| 31:33 | Flankmetra · wall_segment Stone Wall x5 |
| 32:15 | TAKEOVER · first_building Siege Workshop |
| 32:22 | diego_vth · first_building Castle |
| 33:42 | Flankmetra · first_building Barracks |
| 33:49 | Flankmetra · wall_segment Stone Wall x3 |
| 34:12 | TAKEOVER · first_building Castle |
| 34:27 | Flankmetra · wall_segment Stone Wall x7 |
| 34:31 | Reptillias · first_building Siege Workshop |
| 34:32 | diego_vth · first_market_sell 100 stone |
| 34:40 | Flankmetra · first_building Stable |
| 35:05 | Reptillias · wall_segment Stone Wall x9 |
| 35:25 | Flankmetra · wall_segment Stone Wall x15 |
| 35:28 | Reptillias · wall_segment Stone Wall x16 |
| 35:31 | Flankmetra · wall_segment Stone Wall x6 |
| 35:33 | Flankmetra · wall_segment Stone Wall x8 |
| 36:33 | Reptillias · wall_segment Stone Wall x5 |
| 37:22 | bojandomic · age_up castle |
| 37:24 | Alienslapper · age_up imperial |
| 37:32 | Reptillias · wall_segment Stone Wall x11 |
| 37:45 | diego_vth · age_up imperial |
| 39:33 | bojandomic · first_building Castle |
| 39:39 | Reptillias · wall_segment Stone Wall x19 |
| 40:33 | Reptillias · wall_segment Stone Wall x3 |
| 41:20 | Reptillias · first_market_buy 100 stone |
| 41:34 | Reptillias · first_building Castle |
| 42:09 | Reptillias · wall_segment Stone Wall x7 |
| 42:13 | Flankmetra · wall_segment Stone Wall x28 |
| 42:16 | GeenMens5267 · first_building Castle |
| 42:30 | Reptillias · first_market_sell 100 wood |
| 42:56 | GeenMens5267 · first_market_buy 100 food |
| 43:14 | Flankmetra · first_building Siege Workshop |
| 43:35 | GeenMens5267 · first_building Siege Workshop |
| 44:30 | Flankmetra · age_up imperial |
| 44:50 | Flankmetra · wall_segment Stone Wall x9 |
| 45:04 | Flankmetra · wall_segment Stone Wall x14 |
| 46:06 | Flankmetra · wall_segment Stone Wall x1 |
| 46:26 | Reptillias · wall_segment Stone Wall x24 |
| 46:52 | Reptillias · wall_segment Stone Wall x3 |
| 47:14 | Reptillias · age_up imperial |
| 47:44 | Reptillias · wall_segment Stone Wall x12 |
| 48:04 | Reptillias · wall_segment Stone Wall x4 |
| 48:19 | Reptillias · wall_segment Stone Wall x20 |
| 48:36 | Reptillias · wall_segment Stone Wall x14 |
| 48:40 | Reptillias · wall_segment Stone Wall x1 |
| 48:49 | bojandomic · first_building Siege Workshop |
| 49:20 | Reptillias · wall_segment Stone Wall x31 |
| 50:09 | Reptillias · first_building Monastery |
| 50:56 | Reptillias · wall_segment Stone Wall x17 |
| 51:29 | Reptillias · wall_segment Stone Wall x1 |
| 52:37 | bojandomic · age_up imperial |
| 52:43 | Reptillias · wall_segment Stone Wall x20 |
| 53:18 | TAKEOVER · first_market_sell 100 food |
| 58:22 | Flankmetra · wall_segment Stone Wall x6 |
| 58:22 | Esat · resign |
| 58:43 | Flankmetra · wall_segment Stone Wall x7 |
| 61:28 | Flankmetra · first_building Archery Range |
| 62:37 | Flankmetra · wall_segment Stone Wall x2 |
| 62:39 | Flankmetra · wall_segment Stone Wall x15 |
| 62:42 | Reptillias · wall_segment Stone Wall x4 |
| 63:31 | Reptillias · wall_segment Stone Wall x4 |
| 64:38 | Reptillias · wall_segment Stone Wall x25 |
| 66:15 | Reptillias · wall_segment Stone Wall x4 |
| 66:16 | Alienslapper · wall_segment Stone Wall x1 |
| 66:18 | Alienslapper · wall_segment Stone Wall x1 |
| 66:21 | Alienslapper · wall_segment Stone Wall x1 |
| 67:06 | GeenMens5267 · wall_segment Stone Wall x2 |
| 67:25 | GeenMens5267 · wall_segment Stone Wall x4 |
| 67:51 | GeenMens5267 · wall_segment Stone Wall x1 |
| 67:59 | Reptillias · wall_segment Stone Wall x4 |
| 68:03 | Reptillias · wall_segment Stone Wall x1 |
| 68:17 | GeenMens5267 · wall_segment Stone Wall x6 |
| 68:25 | Flankmetra · wall_segment Stone Wall x17 |
| 69:43 | Flankmetra · wall_segment Stone Wall x13 |
| 69:49 | Alienslapper · first_building Monastery |
| 71:06 | Flankmetra · wall_segment Stone Wall x1 |
| 71:28 | TAKEOVER · age_up imperial |
| 72:33 | Reptillias · wall_segment Stone Wall x4 |
| 72:39 | Reptillias · wall_segment Stone Wall x5 |
| 73:04 | Flankmetra · wall_segment Stone Wall x20 |
| 73:59 | Flankmetra · wall_segment Stone Wall x12 |
| 76:16 | Reptillias · wall_segment Stone Wall x1 |
| 77:12 | Flankmetra · wall_segment Stone Wall x1 |
| 78:46 | Flankmetra · wall_segment Stone Wall x13 |
| 80:40 | Flankmetra · wall_segment Stone Wall x7 |
| 81:05 | TAKEOVER · first_building Monastery |
| 81:18 | Reptillias · wall_segment Stone Wall x7 |
| 85:48 | Alienslapper · wall_segment Stone Wall x1 |
| 87:27 | Alienslapper · wall_segment Stone Wall x3 |
| 87:45 | Reptillias · wall_segment Stone Wall x8 |
| 89:33 | Flankmetra · wall_segment Stone Wall x12 |
| 89:52 | Reptillias · wall_segment Stone Wall x1 |
| 90:34 | Reptillias · wall_segment Stone Wall x3 |
| 91:01 | Alienslapper · wall_segment Stone Wall x1 |
| 91:02 | Alienslapper · wall_segment Stone Wall x2 |
| 91:06 | Alienslapper · wall_segment Stone Wall x4 |
| 91:13 | Alienslapper · wall_segment Stone Wall x1 |
| 91:14 | Flankmetra · wall_segment Stone Wall x3 |
| 91:15 | Alienslapper · wall_segment Stone Wall x7 |
| 91:16 | Flankmetra · wall_segment Stone Wall x12 |
| 93:50 | GeenMens5267 · wall_segment Stone Wall x11 |
| 94:17 | GeenMens5267 · wall_segment Stone Wall x4 |
| 95:27 | Reptillias · wall_segment Stone Wall x4 |
| 95:53 | Reptillias · wall_segment Stone Wall x16 |
| 96:12 | Alienslapper · wall_segment Stone Wall x4 |
| 97:26 | Reptillias · wall_segment Stone Wall x4 |
| 98:50 | Flankmetra · wall_segment Stone Wall x22 |
| 100:48 | Flankmetra · wall_segment Stone Wall x7 |
| 101:12 | GeenMens5267 · first_building Monastery |
| 105:09 | GeenMens5267 · wall_segment Stone Wall x8 |
| 107:46 | GeenMens5267 · wall_segment Stone Wall x1 |
| 108:03 | Reptillias · wall_segment Stone Wall x20 |
| 108:47 | Reptillias · wall_segment Stone Wall x16 |
| 110:36 | Reptillias · wall_segment Stone Wall x7 |
| 112:52 | Alienslapper · wall_segment Stone Wall x7 |
| 113:08 | diego_vth · wall_segment Palisade Wall x1 |
| 113:09 | diego_vth · wall_segment Palisade Wall x1 |
| 113:10 | diego_vth · wall_segment Palisade Wall x1 |
| 114:04 | Reptillias · wall_segment Stone Wall x18 |
| 114:29 | Reptillias · wall_segment Stone Wall x25 |
| 117:22 | GeenMens5267 · first_market_sell 100 food |
| 118:48 | Alienslapper · wall_segment Stone Wall x12 |
| 119:25 | Alienslapper · wall_segment Stone Wall x1 |
| 120:07 | Reptillias · wall_segment Stone Wall x3 |
| 121:29 | Alienslapper · first_building Archery Range |
| 121:36 | Reptillias · wall_segment Stone Wall x1 |
| 124:00 | Reptillias · wall_segment Stone Wall x3 |
| 124:17 | Reptillias · wall_segment Stone Wall x9 |
| 127:05 | Alienslapper · wall_segment Stone Wall x8 |
| 127:22 | Reptillias · wall_segment Stone Wall x20 |
| 130:14 | Reptillias · wall_segment Stone Wall x18 |
| 131:02 | Alienslapper · wall_segment Stone Wall x8 |
| 132:46 | Alienslapper · wall_segment Stone Wall x8 |
| 133:13 | Reptillias · wall_segment Stone Wall x21 |
| 135:42 | Reptillias · wall_segment Stone Wall x5 |
| 138:04 | Reptillias · wall_segment Stone Wall x8 |
| 141:39 | Alienslapper · wall_segment Stone Wall x5 |
| 141:41 | Alienslapper · wall_segment Stone Wall x6 |
| 141:43 | Alienslapper · wall_segment Stone Wall x7 |
| 144:41 | Alienslapper · first_building Siege Workshop |
| 144:53 | Flankmetra · wall_segment Stone Wall x11 |
| 145:57 | Reptillias · wall_segment Stone Wall x21 |
| 146:29 | Flankmetra · wall_segment Stone Wall x1 |
| 149:09 | Flankmetra · wall_segment Palisade Wall x1 |
| 150:56 | Alienslapper · wall_segment Palisade Wall x3 |
| 150:58 | Alienslapper · wall_segment Palisade Wall x2 |
| 150:59 | Alienslapper · wall_segment Palisade Wall x1 |
| 151:02 | Alienslapper · wall_segment Palisade Wall x1 |
| 151:03 | Alienslapper · wall_segment Palisade Wall x1 |
| 151:06 | Alienslapper · wall_segment Palisade Wall x1 |
| 151:10 | Alienslapper · wall_segment Palisade Wall x1 |
| 151:15 | Alienslapper · wall_segment Palisade Wall x1 |
| 151:17 | Alienslapper · wall_segment Palisade Wall x1 |
| 151:19 | Alienslapper · wall_segment Palisade Wall x1 |
| 153:25 | Reptillias · wall_segment Stone Wall x28 |
| 154:56 | Reptillias · wall_segment Stone Wall x21 |
| 155:09 | Reptillias · wall_segment Stone Wall x18 |
| 157:23 | Reptillias · wall_segment Stone Wall x10 |
| 162:58 | Reptillias · wall_segment Stone Wall x11 |
| 163:29 | Reptillias · wall_segment Stone Wall x1 |
| 165:42 | Reptillias · wall_segment Stone Wall x6 |
| 167:23 | Reptillias · wall_segment Stone Wall x3 |
| 172:37 | Reptillias · wall_segment Stone Wall x12 |
| 176:10 | Reptillias · wall_segment Stone Wall x6 |
| 177:44 | Reptillias · wall_segment Stone Wall x34 |
| 179:56 | Reptillias · wall_segment Stone Wall x20 |
| 182:27 | Reptillias · wall_segment Stone Wall x1 |
| 182:48 | Reptillias · wall_segment Stone Wall x1 |
| 182:56 | Reptillias · wall_segment Stone Wall x3 |
| 183:04 | Reptillias · wall_segment Stone Wall x2 |
| 188:55 | Reptillias · wall_segment Stone Wall x3 |
[ AI ANALYSIS · 1 CREDIT ]
What really happened in this match?
Wolo.gg analyzes every decision: build order, eco, micro, common mistakes by bracket. Personalized analysis on WhatsApp or Discord in 30 seconds.
Civ guide
Khmer
Perfil
Jugador #10719940